 Dungeon Crawl Stone Soup version 0.28-a0-1286-g6bde065e89 (webtiles) character file.

Game seed: 456344184671882324

32679 wakim the Grappler (level 13, -16/127 HPs)
             Began as a Troll Hunter on Dec 26, 2021.
             Was a Follower of Uskayaw.
             Demolished by a cane toad (18 damage)
             ... on level 6 of the Lair of Beasts.
             The game lasted 01:17:33 (12984 turns).

wakim the Grappler (Troll Hunter)                  Turns: 12984, Time: 01:17:34

Health: -16/127    AC: 11    Str: 25    XL:     13   Next: 32%
Magic:  18/18      EV: 11    Int:  7    God:    Uskayaw [*.....]
Gold:   563        SH:  0    Dex: 12    Spells: 12/12 levels left

rFire   + . .      SeeInvis .     - Unarmed
rCold   + . .      Faith    +   (no shield)
rNeg    . . .      Spirit   .   r - quicksilver dragon scales
rPois   +          Reflect  .   (helmet restricted)
rElec   +          Harm     .   (no cloak)
rCorr   +          Rampage  .   (gloves unavailable)
Will    +....                   (boots unavailable)
Stlth   +.........              D - amulet of faith
HPRegen 1.11/turn               q - ring of poison resistance
MPRegen 0.16/turn               s - +4 ring of slaying

@: lethally poisoned (-16 -> -30), resistant, marked, slowed, invisible, very
slow
A: large, unfitting armour, claws 3, regeneration 1, shaggy fur 1, tough skin 1
a: Renounce Religion, Stomp


You were on level 6 of the Lair of Beasts.
You worshipped Uskayaw.
Uskayaw was aware of your devotion.
You visited 3 branches of the dungeon, and saw 17 of its levels.
You also visited: Gauntlet.

You collected 1123 gold pieces.
You spent 560 gold pieces at shops.

Inventory:

Hand Weapons
 o - the +5 halberd of Anxiety {vorpal, rF+ Str+3}
   (You found it in a Gauntlet)

   It inflicts extra damage upon your enemies.
   Str:       It affects your strength (+3).
   rF:        It protects you from fire.
Missiles
 c - 5 large rocks {=f}
 t - 5 silver javelins
 z - 2 curare-tipped darts {=f}
 N - 3 throwing nets {=f!f}
 Q - 13 javelins
 S - 127 poisoned darts (quivered)
 U - 5 boomerangs
Armour
 r - quicksilver dragon scales (worn)
Jewellery
 e - a +4 ring of evasion
 p - the ring "Jiamer" {rN+ Dex+6}
   (You found it on level 2 of the Lair of Beasts)

   [ring of dexterity]

   Dex:       It affects your dexterity (+6).
   rN:        It protects you from negative energy.
 q - a ring of poison resistance (left claw)
 s - a +4 ring of slaying (right claw)
 D - an amulet of faith (around neck)
 V - a ring of ice
Wands
 u - a wand of mindburst (7)
 v - a wand of flame (28)
 w - a wand of acid (19)
 x - a wand of charming (5)
 y - a wand of paralysis (15)
Scrolls
 j - a scroll of torment {unknown}
 k - 2 scrolls of enchant armour
 C - 2 scrolls of summoning {unknown}
 E - 2 scrolls of immolation {unknown}
 H - 2 scrolls of fear {unknown}
 P - a scroll of magic mapping {unknown}
 R - 2 scrolls of vulnerability {unknown}
 T - 4 scrolls of teleportation
 W - a scroll of noise {unknown}
 X - 2 scrolls of fog
 Z - 3 scrolls of silence {!r}
Potions
 n - a potion of cancellation {unknown}
 A - a potion of ambrosia
 B - a potion of attraction {!q}
 F - 6 potions of curing
 G - 2 potions of flight
 J - a potion of heal wounds
 K - a potion of magic
 L - 6 potions of lignification {!q}
 M - a potion of mutation {!q}
 O - a potion of resistance
Miscellaneous
 m - a phantom mirror


   Skills:
 - Level 8.0 Fighting
 * Level 9.5 Throwing
 * Level 7.7 Dodging
 - Level 0.3 Stealth
 - Level 12.0 Unarmed Combat
 + Level 9.1 Invocations
 - Level 5.0 Evocations


You had 12 spell levels left.
You didn't know any spells.
Your spell library contained the following spells:

 Spells                   Type           Power      Damage    Failure   Level
 Slow                     Hex            0%         N/A       58%         1
 Ensorcelled Hibernation  Hex/Ice        0%         N/A       73%         2
 Sublimation of Blood     Necr           0%         N/A       73%         2
 Wereblood                Tmut           0%         N/A       73%         2
 Confusing Touch          Hex            0%         N/A       91%         3
 Dazzling Flash           Conj/Hex       0%         N/A       91%         3
 Ozocubu's Armour         Ice            0%         N/A       91%         3
 Tukima's Dance           Hex            0%         N/A       91%         3
 Vampiric Draining        Necr           0%         2d6       91%         3
 Airstrike                Air            0%         N/A       100%        4
 Iskenderun's Mystic Bla  Conj/Tloc      0%         2d3       100%        4
 Leda's Liquefaction      Hex/Erth       0%         N/A       100%        4
 Summon Lightning Spire   Summ/Air       0%         N/A       100%        4
 Lee's Rapid Deconstruct  Erth           0%         3d5*      100%        5
 Lightning Bolt           Conj/Air       0%         1d11      100%        5
 Metabolic Englaciation   Hex/Ice        0%         N/A       100%        5
 Simulacrum               Ice/Necr       0%         N/A       100%        6
 Starburst                Conj/Fire      0%         6d3       100%        6
 Statue Form              Tmut/Erth      0%         N/A       100%        6
 Enfeeble                 Hex            0%         N/A       100%        7
 Summon Hydra             Summ           0%         N/A       100%        7


Dungeon Overview and Level Annotations

Branches:
Dungeon (10/15)            Temple (1/1) D:5            Lair (6/6) D:10
 Shoals (0/4) Lair:2       Spider (0/4) Lair:4      Gauntlet (visited)
  Slime: Lair:5-6       Orc: D:9-12

Altars:
Ashenzari
Cheibriados
Dithmenos
Elyvilon
Fedhas
Gozag
Hepliaklqana
Kikubaaqudgha
Makhleb
Nemelex Xobeh
Okawaru
Qazlal
Ru
Sif Muna
Trog
Uskayaw
Vehumet
Wu Jian
Xom
Yredelemnul
Zin
The Shining One

Shops:
D:5 (=::   D:8 =

Annotations:
D:7 dig
D:10 exclusion: wizard
Lair:1 exclusion: 4 oklob plants
Lair:6 Sonja


Innate Abilities, Weirdness & Mutations

You are too large for most types of armour.
You have claws for hands.
Your natural rate of healing is unusually fast.
You are covered in fur. (AC +1)
You have tough skin. (AC +1)


Message History

* * * LOW HITPOINT WARNING * * *
The black mamba bites the fungus.
A water moccasin comes into view.
The water moccasin barely misses you.
The dream sheep bites you but does no damage.
You miss the water moccasin.
The water moccasin is almost dead.
A blink frog comes into view.
The water moccasin bites you.
* * * LOW HITPOINT WARNING * * *
The dream sheep bites you!
* * * LOW HITPOINT WARNING * * *
You scratch the dream sheep.
The dream sheep is lightly wounded.
You carefully extract the barbed spikes from your body.
Sonja says, "Someone hired me to kill you, but I'm not supposed to say who."
The water moccasin closely misses you. The dream sheep bites you.
* * * LOW HITPOINT WARNING * * *
The black mamba bites you!
* * * LOW HITPOINT WARNING * * *
You are poisoned.
The black mamba poisons you!
The water moccasin bites you but does no damage.
You catch the helpless dream sheep completely off-guard!
You mangle the dream sheep!!
You kill the dream sheep!
You feel very sick. The black mamba bites you!
* * * LOW HITPOINT WARNING * * *
You are lethally poisoned!
The black mamba poisons you! The water moccasin closely misses you.
Sonja throws a curare-tipped dart.
The curare-tipped dart hits the black mamba.
The manticore flicks its tail.
The volley of spikes hits the water moccasin!!
The water moccasin dies!
The black mamba bites you.
* * * LOW HITPOINT WARNING * * *
The cane toad stings you!!
You die...

## ##. #..## ....##
###.....# ##Y.....#
########.#Y...#
#.##..wSHF@...#
###.##...F.FS..##
##....P....SK...#
####...F..........##
#........FY#.#....#
.H.....##.#########
.Y....#####
...#######
.w.##....##


You could see a death yak, a torpor snail, a manticore, 2 black mambas, 2 cane
toads, 2 blink frogs, Sonja, a water moccasin and 2 dream sheep.

Vanquished Creatures
  A minotaur (Gauntlet)
  3 hydras
  A two-headed ogre (D:8)
  Erica (D:9)
  4 death yaks
  A hell hog (Gauntlet)
  A fire crab (Gauntlet)
  5 black mambas
  A torpor snail (Gauntlet)
  4 elephants (Lair:5)
  6 cane toads
  2 gargoyles (Gauntlet)
  A kobold demonologist (D:6)
  4 komodo dragons
  3 rime drakes (Lair:3)
  A troll (D:7)
  Prince Ribbit (D:9)
  5 dream sheep
  23 blink frogs
  3 centaur simulacra (Gauntlet)
  3 wyverns
  6 fire bats (Gauntlet)
  A wraith (D:10)
  17 yaks
  Eustachio (D:6)
  2 basilisks
  2 steam dragons
  9 water moccasins
  A hell hound (Gauntlet)
  A meliai simulacrum (Gauntlet)
  2 necrophages
  2 ogres
  5 orc warriors
  A hornet zombie (D:8)
  An ice beast (D:7)
  A black bear (Lair:2)
  14 wolves
  7 centaurs
  2 phantoms
  3 kobold brigands
  17 bullfrogs
  2 scorpions
  A gnoll sergeant (D:5)
  A water moccasin zombie (D:6)
  A wyvern zombie (D:8)
  A hornet simulacrum (Gauntlet)
  A water moccasin skeleton (D:5)
  6 killer bees
  A wight (D:7)
  5 howler monkeys
  A bullfrog zombie (D:6)
  3 centaur zombies
  2 jellies
  7 orc priests
  5 hounds
  A bullfrog skeleton (D:6)
  An iguana (D:4)
  5 orc wizards
  2 hell rats
  A killer bee zombie (D:8)
  7 adders
  5 gnolls (D:5)
  2 howler monkey skeletons
  2 river rats (D:10)
  2 shadow imps (D:6)
  A white imp (D:6)
  2 ufetubi
  An adder zombie (D:5)
  2 worms
  2 dart slugs
  31 orcs
  5 bats
  6 endoplasms
  3 giant cockroaches
  4 goblins
  6 hobgoblins
  6 jackals
  2 quokkas
  5 ball pythons
  6 frilled lizards
  18 kobolds
  8 rats
342 creatures vanquished.

Vanquished Creatures (others)
  A water moccasin (Lair:6)
  An orc wizard (D:9)
  4 bushes (Lair:6)
  29 fungi
  58 plants
93 creatures vanquished.

Grand Total: 435 creatures vanquished

Notes
Turn   | Place    | Note
-------+----------+-------------------------------------------
     0 | D:1      | wakim the Troll Hunter began the quest for the Orb.
     0 | D:1      | Reached XP level 1. HP: 19/19 MP: 0/0
    52 | D:1      | :!bestwep
   177 | D:1      | Reached skill level 1 in Unarmed Combat
   202 | D:1      | Reached XP level 2. HP: 28/28 MP: 1/1
   448 | D:1      | Found a faded altar of an unknown god.
   505 | D:1      | Reached skill level 2 in Unarmed Combat
   831 | D:2      | !bestwep
   900 | D:2      | Reached XP level 3. HP: 35/35 MP: 2/2
  1672 | D:3      | Reached skill level 3 in Unarmed Combat
  1672 | D:3      | Reached XP level 4. HP: 44/44 MP: 3/3
  1721 | D:3      | Reached XP level 5. HP: 33/50 MP: 4/4
  1879 | D:3      | Reached skill level 4 in Unarmed Combat
  2303 | D:4      | Noticed a necrophage
  2317 | D:4      | Killed a necrophage
  2318 | D:4      | Reached skill level 5 in Unarmed Combat
  2318 | D:4      | Reached XP level 6. HP: 44/61 MP: 5/5
  2739 | D:5      | Entered Level 5 of the Dungeon
  2742 | D:5      | Found Esyets's Book Emporium.
  2756 | D:5      | Found a white marble altar of Elyvilon.
  2761 | D:5      | Found a stormy altar of Qazlal.
  2797 | D:5      | Reached skill level 6 in Unarmed Combat
  2797 | D:5      | Reached XP level 7. HP: 54/68 MP: 6/6
  2874 | D:5      | Found Kuosmouze's Jewellery Shoppe.
  2895 | D:5      | Found Xizosm's Antique Weapon Boutique.
  2902 | D:5      | Found Joxijom's Book Shop.
  3009 | D:5      | Found a snail-covered altar of Cheibriados.
  3078 | D:5      | Found a hazy altar of Hepliaklqana.
  3150 | D:5      | Found a staircase to the Ecumenical Temple.
  3164 | Temple   | Entered the Ecumenical Temple
  3685 | D:6      | Reached skill level 7 in Unarmed Combat
  3713 | D:6      | Noticed Eustachio
  3744 | D:6      | Killed Eustachio
  3830 | D:6      | Reached XP level 8. HP: 73/79 MP: 7/7
  3987 | D:6      | Noticed a kobold demonologist
  3989 | D:6      | Noticed a hellwing
  3997 | D:6      | Noticed a rust devil
  4046 | D:6      | Noticed a rust devil
  4047 | D:6      | Killed a kobold demonologist
  4048 | D:6      | Reached skill level 5 in Fighting
  4048 | D:6      | Reached skill level 8 in Unarmed Combat
  4149 | D:6      | Reached skill level 9 in Unarmed Combat
  4662 | D:7      | Found a radiant altar of Vehumet.
  4679 | D:7      | Reached XP level 9. HP: 37/89 MP: 8/8
  4736 | D:7      | Reached skill level 10 in Unarmed Combat
  4747 | D:7      | !bestwep
  4755 | D:7      | Noticed a troll
  4781 | D:7      | Reached skill level 1 in Evocations
  4788 | D:7      | Killed a troll
  5379 | D:7      | Found a glowing silver altar of Zin.
  5479 | D:8      | Found a hide-covered altar of Uskayaw.
  5482 | D:8      | Became a worshipper of Uskayaw the Reveller
  5507 | D:8      | Reached * piety under Uskayaw
  5516 | D:8      | Reached ** piety under Uskayaw
  5519 | D:8      | Reached *** piety under Uskayaw
  5524 | D:8      | Reached **** piety under Uskayaw
  5526 | D:8      | Reached ***** piety under Uskayaw
  5531 | D:8      | Reached skill level 11 in Unarmed Combat
  5531 | D:8      | Reached XP level 10. HP: 87/102 MP: 9/9
  5648 | D:8      | Found a burning altar of Makhleb.
  5741 | D:8      | Noticed a two-headed ogre
  5767 | D:8      | Killed a two-headed ogre
  5768 | D:8      | Reached skill level 1 in Invocations
  6003 | D:8      | Found Tirizu's Jewellery Shop.
  6061 | D:8      | Reached skill level 5 in Throwing
  6495 | D:9      | Noticed Erica
  6561 | D:9      | Killed Erica
  6578 | D:9      | !bestwep
  6608 | D:9      | Noticed Prince Ribbit
  6636 | D:9      | Killed Prince Ribbit
  7046 | D:10     | Entered Level 10 of the Dungeon
  7155 | D:5      | Bought an amulet of faith for 560 gold pieces
  7286 | D:10     | Noticed a death yak
  7287 | D:10     | Found a staircase to the Lair.
  7295 | D:10     | Killed a death yak
  7296 | D:10     | Reached XP level 11. HP: 67/111 MP: 11/13
  7296 | D:10     | Noticed a death yak
  7296 | D:10     | Noticed a death yak
  7340 | D:9      | Killed a death yak
  7341 | D:9      | Reached skill level 12 in Unarmed Combat
  7388 | D:9      | Killed a death yak
  7389 | D:9      | Reached skill level 5 in Invocations
  7431 | D:10     | Noticed a wizard
  8124 | Lair:1   | Entered Level 1 of the Lair of Beasts
  8255 | Lair:1   | Reached ****** piety under Uskayaw
  8455 | Lair:1   | Reached skill level 5 in Evocations
  8632 | Lair:1   | Noticed an oklob plant
  8632 | Lair:1   | Noticed an oklob plant
  8643 | Lair:1   | Noticed a seven-headed hydra
  9323 | Lair:1   | Noticed an oklob plant
  9323 | Lair:1   | Noticed an oklob plant
  9477 | Lair:2   | Noticed a seven-headed hydra
  9524 | Lair:2   | Found a staircase to the Shoals.
  9641 | Lair:2   | Found a gate leading to a gauntlet.
  9652 | Lair:2   | Identified the ring "Jiamer" {rN+ Dex+6}
  9659 | Gauntlet | Entered a Gauntlet
  9659 | Gauntlet | Found a transporter.
  9662 | Gauntlet | Found a transporter.
  9666 | Gauntlet | Found a transporter.
  9671 | Gauntlet | Noticed a fire crab
  9674 | Gauntlet | Found a transporter.
  9675 | Gauntlet | Found a transporter.
  9684 | Gauntlet | Found a transporter.
  9688 | Gauntlet | Found a runed translucent door.
  9688 | Gauntlet | Noticed a catoblepas
  9689 | Gauntlet | Found a transporter.
  9692 | Gauntlet | Found a runed translucent door.
  9696 | Gauntlet | Found a transporter.
  9700 | Gauntlet | Found a transporter.
  9702 | Gauntlet | Noticed a hell hog
  9705 | Gauntlet | Found a transporter.
  9713 | Gauntlet | Found a transporter.
  9716 | Gauntlet | Found a transporter.
  9721 | Gauntlet | Found a transporter.
  9725 | Gauntlet | Noticed a death yak
  9725 | Gauntlet | Noticed a death yak
  9725 | Gauntlet | Noticed a death yak
  9729 | Gauntlet | Found a transporter.
  9730 | Gauntlet | Noticed a death yak
  9822 | Gauntlet | Reached XP level 12. HP: 80/119 MP: 16/16
 10044 | Gauntlet | Killed a hell hog
 10054 | Gauntlet | Identified the +5 halberd of Anxiety {vorpal, rF+ Str+3}
 10310 | Gauntlet | Killed a death yak
 10311 | Gauntlet | Reached skill level 5 in Dodging
 10351 | Gauntlet | Noticed a minotaur
 10407 | Gauntlet | Killed a minotaur
 10534 | Lair:2   | Killed a seven-headed hydra
 11203 | Lair:3   | Noticed a four-headed hydra
 11213 | Lair:3   | Killed a four-headed hydra
 12096 | Lair:4   | Found a hole to the Spider Nest.
 12308 | Lair:5   | Reached XP level 13. HP: 124/127 MP: 18/18
 12865 | Lair:5   | You fall into a shaft and drop 1 floor!
 12865 | Lair:6   | Entered Level 6 of the Lair of Beasts
 12971 | Lair:6   | Noticed Sonja
 12984 | Lair:6   | HP: 6/127 [black mamba (10)]
 12984 | Lair:6   | HP: 2/127 [black mamba (4)]
 12984 | Lair:6   | Demolished by a cane toad

Illustrated notes ### .. #.######.# .....[..# #.......? #######@########## .................# #######.########.# #.# #.# #.# #.# #.# #.# #.# #.# #.. #.# ##. #.# Turn 52 on D:1: :!bestwep ..## ### ....# #.. ....## #.# ...#.### #.# #...... #.# ...#.# #.####.#####....# #.............#.# ######.#####@##.# #.# #.##.# #.# #.##.# #.# #.##.## #.# #...^(# #.# ####..# #.# #..# .# #.# #..# .# #.# #..##.###. Turn 831 on D:2: !bestwep

... /. #.# # ..$
####.### .#...# <......#
###....# #....#.########
#.....## ..............#
##.#.....
#.##....#####.# ##...#
..##.......##.####.###.#
.####...##.##...@..# ...
.# ##.## #######.# ##.
.# #.# ##.. # .# #.# #.#
.. ..# .# ##. #


Turn 4747 on D:7: !bestwep ######... #........ #<####.o. #@# #.# #.# #.# #####.#
#.....# #.#...# ####)##### #...)....+ Turn 6578 on D:9: !bestwep

Levels and vault maps discovered:
D:1:      shiori_arrival_oz, layout_loops_ring, ebering_ecumenical_altar_hall,
          minmay_unequal
D:2:      kennysheep_big_flooded_room, layout_loops_ring
D:3:      layout_basic
D:4:      layout_cave_pools, corner_web_ring, minmay_quadrilaterals
D:5:      layout_rooms, mainiacjoe_overflow_small_starburst, slow_altar_1,
          nzn_hepliaklqana_mist_gate, grunt_qazlal_clouds,
          minmay_temple_entry_offerings, serial_shops, shop,
          nicolae_shop_waterfront, shop, nicolae_take_the_stairs,
          minmay_misc_feat_rugged
D:6:      minmay_opposing_rooms, layout_basic, uniq_eustachio
D:7:      layout_loops_ring, overflow_temple_1_default, zin_scriptorium,
          minmay_circle_x
D:8:      layout_loops_ring, mainiacjoe_overflow_six_doors_small,
          mainiacjoe_overflow_alcove_4, serial_shops, shop_statue,
          minmay_fractal_squares_gapless_5
D:9:      layout_basic, palyth_stone_intersect, glass_columns_a, uniq_erica,
          uniq_prince_ribbit1
D:10:     layout_irregular_city, dpeg_lair_monsters, lightli_wizard_tower
Temple:   minmay_temple_curvy_branch
Lair:1:   dpeg_oklob_gauntlet, layout_hall_layers, grunt_megastairs_4
Lair:2:   layout_misc_corridors, minmay_shoals_entry_centaurs,
          gauntlet_entry_generic
Lair:3:   layout_loops_ring
Lair:4:   layout_loops_ring, spider_nest_entry_a, grunt_megastairs_5
Lair:5:   layout_roguey
Lair:6:   guppyfry_lair_end_dragon, layout_misc_corridors,
          hangedman_lair_in_review, minmay_slime_entry_pillars,
          wad_woods_road_01, infiniplex_staircase_pool, uniq_sonja

Skill      XL: |  1  2  3  4  5  6  7  8  9 10 11 12 13 |
---------------+----------------------------------------+-----
Unarmed Combat | 1 2 3 5 6 7 9 11 12 | 12.0
Fighting       | 2 3 4 5 7 8 |  8.0
Evocations     | 3 5 |  5.0
Throwing       | 6 8 9 |  9.5
Invocations    | 4 7 8 9 |  9.1
Dodging        | 4 6 7 |  7.7
Stealth        | |  0.3

Action                   |  1- 3 |  4- 6 |  7- 9 | 10-12 | 13-15 || total
-------------------------+-------+-------+-------+-------+-------++-------
Melee: Unarmed           |   107 |   100 |   234 |   482 |    85 ||  1008
       Punch             |       |     1 |     6 |    26 |     8 ||    41
Throw: Dart              |       |     4 |    21 |    67 |     9 ||   101
       Boomerang         |       |       |       |    28 |    17 ||    45
Invok: Line Pass         |       |       |       |     1 |     2 ||     3
       Grand Finale      |       |       |       |     2 |       ||     2
Evoke: Wand              |       |       |       |     8 |       ||     8
  Use: Scroll            |     4 |       |     6 |     8 |     3 ||    21
       Potion            |       |       |       |     2 |     5 ||     7
 Stab: Sleeping          |     2 |     1 |     1 |       |       ||     4
       Paralysed         |       |       |     1 |    45 |     9 ||    55
       Confused          |       |       |       |     1 |       ||     1
       Invisible         |       |       |       |       |     1 ||     1
Armor: Robe              |    39 |    33 |    30 |       |       ||   102
       Steam dragon scal |       |       |    10 |   106 |       ||   116
       Quicksilver drago |       |       |       |    58 |    49 ||   107
Dodge: Dodged            |    31 |    37 |   154 |   333 |    66 ||   621

Table legend: (Time is in decaauts)
 A = Elapsed time spent in this place.
 B = Non-inter-level travel time spent in this place.
 C = Inter-level travel time spent in this place.
 D = Time resting spent in this place.
 E = Time spent auto-exploring this place.
 F = Levels seen in this place.
 G = Mean time per level.
                   A        B        C        D        E       F      G
               +--------+--------+--------+--------+--------+-----+--------+
         Total |  12840 |  11613 |   1227 |    618 |   2033 |  18 |  713.3 |
       Dungeon |   7888 |   6977 |    911 |    231 |   1244 |  10 |  788.8 |
        Temple |    320 |    300 |     20 |      0 |    145 |   1 |  320.0 |
          Lair |   3861 |   3565 |    296 |    203 |    584 |   6 |  643.5 |
      Gauntlet |    770 |    770 |      0 |    184 |     60 |   1 |  770.0 |
               +--------+--------+--------+--------+--------+-----+--------+

Top non-repeatable levels by time:
     D:8: 1054 daAuts
     D:6: 1042 daAuts
  Lair:1: 1024 daAuts
    D:10: 927 daAuts
     D:2: 871 daAuts
     D:7: 816 daAuts
  Lair:4: 797 daAuts
Gauntlet: 770 daAuts
     D:1: 766 daAuts
  Lair:3: 715 daAuts
     D:9: 695 daAuts
  Lair:2: 662 daAuts
     D:4: 642 daAuts
     D:5: 624 daAuts
  Lair:5: 544 daAuts
